 Dungeon Crawl Stone Soup version 0.24.1-14-gf8d2b509d9 (webtiles) character file.

Game seed: 5242329412724121285, levelgen mode: deterministic

333 KlarStein the Sneak (level 6, -4/47 HPs)
             Began as a Demonspawn Assassin on Aug 29, 2020.
             Slain by a sky beast (6 damage)
             ... on level 5 of the Dungeon.
             The game lasted 00:13:35 (3466 turns).

KlarStein the Sneak (Demonspawn Assassin)           Turns: 3466, Time: 00:13:36

Health: -4/47      AC:  5    Str: 13    XL:     6   Next: 27%
Magic:  6/6        EV: 12    Int: 13    God:
Gold:   233        SH:  0    Dex: 14    Spells: 5/5 levels left

rFire    + . .     SeeInvis .   a - +3 dagger
rCold    . . .     Gourm    .   (no shield)
rNeg     . . .     Faith    .   s - +0 leather armour
rPois    .         Spirit   .   (no helmet)
rElec    .         Reflect  .   c - +0 cloak
rCorr    .         Harm     .   o - +0 pair of gloves
MR       .....                  (no boots)
Stlth    ++........             (no amulet)
HPRegen  0.15/turn              k - ring of fire
MPRegen  0.10/turn              (no ring)

@: no status effects
A: hooves 2, cold resistance 1
a: no special abilities


You were on level 5 of the Dungeon.
You were near starving.

You visited 1 branch of the dungeon, and saw 5 of its levels.

You collected 233 gold pieces.

Inventory:

Hand Weapons
 a - a +3 dagger (weapon)
 t - a +0 short sword of speed
Missiles
 d - 20 poisoned darts (quivered)
 e - 2 curare-tipped darts
Armour
 b - a +2 ring mail of poison resistance
 c - a +0 cloak (worn)
 o - a +0 pair of gloves (worn)
 s - a +0 leather armour (worn)
Jewellery
 k - a ring of fire (left hand)
Wands
 i - a wand of disintegration (19)
 u - a wand of paralysis (8)
Scrolls
 g - a scroll of identify
 h - 2 scrolls of teleportation
 m - 4 scrolls of remove curse
 q - a scroll of fear {unknown}
Potions
 j - 2 potions of berserk rage {unknown}
 l - a potion of agility {unknown}
 n - 2 potions of resistance {unknown}
 p - a potion of invisibility {unknown}
 r - 4 potions of curing {unknown}
Comestibles
 f - 9 rations


   Skills:
 + Level 3.4 Fighting
 * Level 4.0 Short Blades
 - Level 1.7 Throwing
 + Level 2.5 Dodging
 + Level 4.5 Stealth


You had 5 spell levels left.
You didn't know any spells.
Your spell library was empty.

Dungeon Overview and Level Annotations

Branches:
Dungeon (5/15)
 Temple: D:4-7

Altars:
Trog

Annotations:
D:3 2 transporters, ghwc's ghost, amateur TrWn


Innate Abilities, Weirdness & Mutations

You have hoof-like feet.
Your flesh is cold resistant. (rC+)


Message History

Something hits you but does no damage.
The giant cockroach zombie bites you but does no damage.
You closely miss something. Something hits you but does no damage.
You miss something.
The giant cockroach zombie closely misses you.
Something hits you.
* * * LOW HITPOINT WARNING * * *
Something shocks you.
* * * LOW HITPOINT WARNING * * *
You hit something but do no damage.
The giant cockroach zombie barely misses you.
Something hits you but does no damage.
You hit something.
The giant cockroach zombie bites you but does no damage.
You hit something but do no damage.
A sky beast appears from thin air!
Reactivating autopickup.
The sky beast hits you.
* * * LOW HITPOINT WARNING * * *
The sky beast shocks you.
You die...

#. #..#.# ##.# #.#
#...###.#.#
..##..##.........#
.................#
...=.............#
#..##........#..##
. ........≈.#####
≈≈≈......Y..#
≈≈≈≈......Z@##
≈≈≈≈≈......##
≈...P#.#...###
PP###.....###
..?........#
...........##
.##........##
##........#
#..###...#


You could see a sky beast and a giant cockroach zombie.

Vanquished Creatures
  An ice beast (D:5)
  2 scorpions (D:4)
  A centaur skeleton (D:4)
  A worker ant (D:4)
  An adder (D:3)
  An ooze (D:2)
  2 adder skeletons (D:4)
  3 worms (D:2)
  A dart slug (D:1)
  2 leopard geckos
  7 orcs
  3 giant cockroaches
  7 goblins
  2 hobgoblins (D:1)
  7 kobolds
  3 quokkas (D:2)
  5 bats
  6 frilled lizards
  15 rats
70 creatures vanquished.

Notes
Turn   | Place    | Note
-------+----------+-------------------------------------------
     0 | D:1      | KlarStein the Demonspawn Assassin began the quest for the
                  | Orb.
     0 | D:1      | Reached XP level 1. HP: 16/16 MP: 1/1
    27 | D:1      | Reached skill level 1 in Dodging
    88 | D:1      | Gained mutation: Your flesh is cold resistant. (rC+)
                  | [demonic ancestry]
    88 | D:1      | Reached XP level 2. HP: 18/22 MP: 2/2
   460 | D:2      | Gained mutation: You have large cloven feet. [demonic
                  | ancestry]
   460 | D:2      | Reached XP level 3. HP: 12/28 MP: 3/3
  1517 | D:3      | Found a transporter.
  1523 | D:3      | Reached XP level 4. HP: 33/34 MP: 4/4
  1528 | D:3      | Noticed ghwc's ghost (amateur TrWn)
  1908 | D:3      | Found a transporter.
  2148 | D:4      | Noticed a moth of wrath
  2250 | D:4      | Found a bloodstained altar of Trog.
  2298 | D:4      | Gained mutation: You have hoof-like feet. [demonic
                  | ancestry]
  2298 | D:4      | Reached XP level 5. HP: 41/41 MP: 5/5
  3151 | D:5      | Entered Level 5 of the Dungeon
  3154 | D:5      | Noticed an ice beast
  3170 | D:5      | Killed an ice beast
  3170 | D:5      | Reached XP level 6. HP: 10/47 MP: 6/6
  3439 | D:5      | Noticed a sky beast
  3466 | D:5      | HP: 2/47 [sky beast (3)]
  3466 | D:5      | Slain by a sky beast

Levels and vault maps discovered:
D:1:      mainiacjoe_arrival_reflecting_pool, layout_rooms
D:2:      layout_rooms
D:3:      layout_basic, gammafunk_ghost_stat_death, first_ration
D:4:      layout_basic, tgw_trog
D:5:      layout_cave_pools, serial_undead, serial_undead_d, serial_undead_f,
          serial_undead_a, serial_undead_d, serial_undead_f, serial_undead_a,
          serial_undead_f, serial_undead_d, serial_undead_f, serial_undead_d,
          grunt_ministairs_15

Skill      XL: |  1  2  3  4  5 |
---------------+----------------+-----
Dodging        | 1 2 |  2.5
Short Blades   | 2 3 4 |  4.0
Stealth        | 4 |  4.5
Fighting       | 3 |  3.4
Throwing       | |  1.7

Action                   |  1- 3 |  4- 6 || total
-------------------------+-------+-------++-------
Melee: Dagger            |   127 |   103 ||   230
       Kick              |    12 |    24 ||    36
  Use: Scroll            |     6 |       ||     6
       Potion            |       |     1 ||     1
 Stab: Sleeping          |    10 |     3 ||    13
  Eat: Chunk             |     2 |     4 ||     6
Armor: Robe              |     7 |       ||     7
       Leather armour    |    13 |    24 ||    37
Dodge: Dodged            |    50 |    51 ||   101
